 Dungeon Crawl Stone Soup version 0.26-a0-835-g8259106e14 (webtiles) character file.

Game seed: 4509241373959501384

37 pablito the Insei (level 3, 0/18 HPs)
             Began as a Vine Stalker Transmuter on Nov 18, 2020.
             Succumbed to an adder's poison
             ... on level 3 of the Dungeon.
             The game lasted 00:12:12 (1524 turns).

pablito the Insei (Vine Stalker Transmuter)         Turns: 1524, Time: 00:12:13

Health: 0/18       AC:  2    Str: 10 (12) XL:     3   Next: 41%
Magic:  2/7        EV: 12    Int: 10 (13) God:
Gold:   27         SH:  0    Dex: 12 (15) Spells: 3/7 levels left

rFire    . . .     SeeInvis .     - Unarmed
rCold    . . .     Faith    .   (no shield)
rNeg     . . .     Spirit   +   a - +0 robe
rPois    .         Reflect  .   (no helmet)
rElec    .         Harm     .   (no cloak)
rCorr    .         Rampage  .   (no gloves)
MR       .....                  (no boots)
Stlth    +.........             (no amulet)
HPRegen  0.06/turn              f - ring of wizardry
MPRegen  0.10/turn              (no ring)

@: lethally poisoned (0 -> -7), very slightly contaminated, invisible
A: fangs 2, magic shield, antimagic bite, no potion heal 3, rot immunity
a: no special abilities


You were on level 3 of the Dungeon.
You visited 1 branch of the dungeon, and saw 3 of its levels.

You collected 27 gold pieces.

Inventory:

Hand Weapons
 c - a +0 dagger
Armour
 a - a +0 robe (worn)
Jewellery
 f - a ring of wizardry (left hand)
Scrolls
 b - 3 scrolls of identify
 d - a scroll of teleportation {unknown}
 e - a scroll of fog {unknown}
 h - a scroll of random uselessness {unknown}
 i - a scroll of remove curse {unknown}
Potions
 k - a potion of resistance {unknown}


   Skills:
 + Level 1.4 Fighting
 - Level 2.0 Dodging
 + Level 3.3 Unarmed Combat
 + Level 2.6 Spellcasting
 + Level 2.3 Transmutations


You had 3 spell levels left.
You knew the following spells:

 Your Spells              Type           Power        Failure   Level
a - Beastly Appendage     Tmut           #.....       4%          1
b - Spider Form           Tmut/Pois      #.........   21%         3

Your spell library contained the following spells:

 Spells                   Type           Power        Failure   Level
 Wereblood                Tmut           #.......     7%          2
 Ice Form                 Ice/Tmut       #.......     54%         4
 Blade Hands              Tmut           #.........   73%         5


Dungeon Overview and Level Annotations

Branches:
Dungeon (3/15)

Altars:

Annotations:
D:2 Robin


Innate Abilities, Weirdness & Mutations

You have extremely sharp teeth.
When hurt, damage is shared between your health and your magic reserves.
Your bite disrupts and absorbs the magic of your enemies.
Potions cannot restore your health.
You are immune to rotting.


Message History

The adder completely misses you.
Robin zaps a wand.
Some rock shatters into small pieces.
There is a stone staircase leading down here.
The adder barely misses you. The adder bites you.
* * * LOW HITPOINT WARNING * * *
You are lethally poisoned!
The adder poisons you!
You climb downwards. 3 jackals come into view.
* * * LOW HITPOINT WARNING * * *
You feel sick.
There is a stone staircase leading up here.
It was a potion of invisibility.
You fade into invisibility!
Your horns disappear.
Your talons disappear.
The jackal barks!
You are very lightly contaminated with residual magic.
It was a potion of degeneration.
There was something very wrong with that liquid.
You feel weakened.
You feel dopey.
You feel clumsy.
You die...

###
#@#
#h#
#S#
#h#
#.#
#h#
#.#
#..


You could see an adder (wandering) and 3 jackals.

Vanquished Creatures
  2 leopard geckos
  2 ball pythons (D:1)
  11 goblins
  2 hobgoblins
  6 jackals
  A bat (D:1)
  A frilled lizard (D:1)
  3 kobolds (D:1)
  A rat (D:1)
29 creatures vanquished.

Notes
Turn   | Place    | Note
-------+----------+-------------------------------------------
     0 | D:1      | pablito the Vine Stalker Transmuter began the quest for the
                  | Orb.
     0 | D:1      | Reached XP level 1. HP: 9/9 MP: 4/4
   176 | D:1      | Reached skill level 1 in Fighting
   343 | D:1      | Reached XP level 2. HP: 9/14 MP: 6/6
  1357 | D:2      | Reached XP level 3. HP: 15/18 MP: 4/7
  1361 | D:2      | Learned a level 3 spell: Spider Form
  1496 | D:2      | Noticed Robin
  1524 | D:3      | Succumbed to an adder's poison

Illustrated notes

Levels and vault maps discovered:
D:1:      giann_horns, layout_basic, hangedman_abyss_or_decor_lesser_grid
D:2:      layout_basic, patterned_corridor, uniq_natasha, uniq_robin
D:3:      layout_basic, chequers_ecumenical_altar_simple_redux,
          okawaru_metal_pillars_3

Skill      XL: |  1  2  3 |
---------------+----------+-----
Fighting       | 1 |  1.4
Dodging        | 2 |  2.0
Unarmed Combat | |  3.3
Spellcasting   | |  2.6
Transmutations | |  2.3

Action                   || total
-------------------------++-------
Melee: Dagger            ||    17
       Unarmed           ||    54
       Kick              ||    14
       Bite              ||    13
       Headbutt          ||     6
       Punch             ||     1
 Cast: Beastly Appendage ||    14
       Spider Form       ||     1
  Use: Scroll            ||     1
       Potion            ||     2
 Stab: Sleeping          ||     1
       Distracted        ||     1
Armor: Robe              ||     9
Dodge: Dodged            ||    55

Table legend: (Time is in decaauts)
 A = Elapsed time spent in this place.
 B = Non-inter-level travel time spent in this place.
 C = Inter-level travel time spent in this place.
 D = Time resting spent in this place.
 E = Time spent auto-exploring this place.
 F = Levels seen in this place.
 G = Mean time per level.
                   A        B        C        D        E       F      G
               +--------+--------+--------+--------+--------+-----+--------+
         Total |   1514 |   1481 |     33 |      0 |   1234 |   3 |  504.7 |
       Dungeon |   1514 |   1481 |     33 |      0 |   1234 |   3 |  504.7 |
               +--------+--------+--------+--------+--------+-----+--------+

Top non-repeatable levels by time:
     D:1: 1321 daAuts
     D:2: 190 daAuts
     D:3: 1 daAuts
